 Dungeon Sprint DCSS version 0.31-a0-876-gfe8ebadbca (webtiles) character file.

Game seed: 210022762501487869

3622 rocky1 the Fencer (level 10, -6/81 HPs)
             Began as a Djinni Gladiator on Oct 14, 2023.
             Was an Initiate of Gozag.
             Mangled by a very large slime creature (33 damage)
             ... in the Dungeon (Sprint II: "The Violet Keep of Menkaure").
             The game lasted 00:05:55 (1028 turns).

rocky1 the Fencer (Djinni Gladiator)                Turns: 1028, Time: 00:05:56

Health: -6/81      AC: 15    Str: 13    XL:     10   Next: 32%
Gold:   1516       EV: 11    Int: 10    God:    Gozag SH:  0 Dex: 19

rFire   + + .        h - +3 scimitar (elec)
rCold   . . .        (no shield)
rNeg    . . .        i - +2 chain mail {rC+}
rPois   ∞            c - +0 helmet
rElec   .            k - +0 cloak {Stlth+}
rCorr   .            (no gloves)
SInv    .            (boots unavailable)
Will    +....        l - amulet of regeneration Stlth
                     (no ring)
HPRegen 1.13/turn    (no ring)
MPRegen 0.00/turn

%: no teleportation, infuse magic (-7 HP)
@: mighty, gold aura, flying
A: sickness immunity, fire resistance 2, cold vulnerability 1, float, innate
caster, HP casting, extra vitality 1, subdued magic 1
a: Renounce Religion, Potion Petition, Call Merchant, Bribe Branch


You were in the Dungeon.
You worshipped Gozag.
Gozag was most pleased with you.
You visited 1 branch You collected 2673 gold pieces.
You spent 1157 gold pieces at shops.

Inventory:

Hand Weapons
 a - a +0 long sword
 h - a +3 scimitar of electrocution (weapon)
Missiles
 d - 3 throwing nets (quivered)
 e - a javelin
Armour
 b - a +0 leather armour
 c - a +0 helmet (worn)
 i - a +2 chain mail of cold resistance (worn)
 k - a +0 cloak of stealth (worn)
Jewellery
 l - an amulet of regeneration (around neck)
Scrolls
 j - a scroll of blinking
Potions
 f - 4 potions of curing
 g - 3 potions of heal wounds


   Skills:
 * Level 10.3 Fighting
 * Level 15.7 Long Blades
 - Level 2.5 Throwing
 + Level 7.5 Armour
 + Level 10.4 Dodging
 - Level 1.1 Stealth


You knew the following spells:

 Your Spells              Type           Power      Damage    Failure   Level
a - Foxfire               Conj/Fire      0%         2x1d4     99%         1
b - Scorch                Fire           0%         2d5       100%        2
c - Lesser Beckoning      Tloc           0%         N/A       100%        2
d - Petrify               Tmut/Erth      0%         N/A       100%        4
Your spell library was empty.


Dungeon Overview and Level Annotations

Branches:
Dungeon (1/1)

Altars:
Cheibriados
Dithmenos
Elyvilon
Fedhas
Gozag
Hepliaklqana
Makhleb
Nemelex Xobeh
Okawaru
Qazlal
Ru
Trog
Uskayaw
Wu Jian
Xom
Yredelemnul
Zin
The Shining One
Jiyva
Lugonu

Shops:
D [!:(:!([!?![=[=[

Annotations:
D exclusions: ice statue and oklob plant, Lernaean hydra


Innate Abilities, Weirdness & Mutations

You are immune to sickness and miasma.
You are immune to poison.
Your flesh is very heat resistant. (rF++)
You are vulnerable to cold. (rC-)
You float through the air rather than walking.
You learn spells naturally, not from books.
Your magical power is your life essence.
You have superior vitality. (+4 MHP)
Your spells are a little easier to cast, but a little less powerful.


Message History

You hit the wyvern.
The wyvern is lightly wounded.
The wyvern closely misses you. The wyvern bites you.
You hit the wyvern but do no damage. Lightning courses through the wyvern!
The wyvern is heavily wounded.
The wyvern closely misses you.
You slice the wyvern!!
You kill the wyvern!
You slash the very large slime creature!
The very large slime creature is lightly wounded.
The very large slime creature completely misses you.
You feel very mighty all of a sudden. The very large slime creature hits you!
You feel much better.
The very large slime creature is distracted by your dazzling golden aura.
The very large slime creature quivers.
You slice the very large slime creature!!
The very large slime creature is no longer distracted by gold.
The very large slime creature is moderately wounded.
You barely miss the very large slime creature.
The very large slime creature is moderately wounded.
The very large slime creature hits you!
You slash the very large slime creature!
The very large slime creature is moderately wounded.
The very large slime creature hits you!
You slice the very large slime creature!!
The very large slime creature is heavily wounded.
You slice the very large slime creature!!
Lightning courses through the very large slime creature!!
The very large slime creature is severely wounded.
The very large slime creature barely misses you.
You slash the very large slime creature!
The very large slime creature is severely wounded.
The very large slime creature hits you!!!
Ouch! That really hurt!
You slice the very large slime creature!!
The very large slime creature is almost dead.
The very large slime creature hits you!!
You die...
Your body crumbles into a pile of gold.

##...∩.∩..#~~~~#.##..# ...
##..∩.∩.∩.#~~####...# #..
##.∩.∩.∩.∩#~##.###'## .##.
##∩.....∩.#~###.##.##B..#.
##.∩.....∩'~'.##'.<.+# +.
##∩.......#~#...##.##B..#.
#▓▓▓▓▓▓▓###~##.###'# .##.
##().######~~#####.#####~~
#$.$#.lJ@##~~~#..#..#~~~~
#∩P['..#+##'#~##.#.##~~~~
#$.$#.##≈##:#°~##'##~~~≈§
#$..###≈≈≈####~~○~~~~~~~≈
##+###§○≈≈≈# #°°°#+++#~≈§
?##≈§≈≈≈###≈○°°○°§##≈§
+###°≈°≈≈##≈≈≈○°.≈○.##≈
.99#+○≈≈°≈'≈§°°≈≈°○○≈≈+≈
#+###≈○○≈≈##≈.≈○○°°≈○##≈


You could see a very large slime creature, a toenail golem, an oklob plant and a
wyvern.

Vanquished Creatures
  2 polar bears (D)
  12 flying skulls (D)
  A wyvern (D)
  4 neqoxecs (D)
  Menkaure (D)
  2 water moccasins (D)
  4 scorpions (D)
  4 lava snakes (D)
  A hell rat (D)
  3 worms (D)
34 creatures vanquished.

Notes
Turn   | Place    | Note
-------+----------+-------------------------------------------
     0 | D        | rocky1 the Djinni Gladiator began the quest for the Orb.
     0 | D        | Reached XP level 1. HP: 18/18 MP: 0/0
     1 | D        | Noticed a boulder beetle
     1 | D        | Noticed a boulder beetle
     5 | D        | Noticed a scorpion
     5 | D        | Noticed a scorpion
     5 | D        | Noticed a scorpion
     7 | D        | Noticed a scorpion
     8 | D        | Killed a scorpion
     9 | D        | Reached skill level 4 in Long Blades
     9 | D        | Reached skill level 5 in Dodging
     9 | D        | Reached XP level 2. HP: 25/25 MP: 0/0
     9 | D        | Reached XP level 3. HP: 30/30 MP: 0/0
     9 | D        | Learned a level 1 spell: Foxfire
     9 | D        | Reached XP level 4. HP: 35/35 MP: 0/0
    11 | D        | Killed a scorpion
    12 | D        | Reached skill level 6 in Long Blades
    12 | D        | Reached XP level 5. HP: 40/40 MP: 0/0
    12 | D        | Learned a level 2 spell: Scorch
    15 | D        | Reached skill level 7 in Long Blades
    19 | D        | Reached skill level 8 in Long Blades
    19 | D        | Reached XP level 6. HP: 47/47 MP: 0/0
    24 | D        | Noticed a flying skull
    24 | D        | Noticed a flying skull
    24 | D        | Noticed a flying skull
    24 | D        | Noticed a flying skull
    24 | D        | Noticed a flying skull
    25 | D        | Noticed a flying skull
    25 | D        | Noticed a flying skull
    25 | D        | Noticed a flying skull
    25 | D        | Noticed a flying skull
    26 | D        | Noticed Menkaure
    26 | D        | Noticed a flying skull
    26 | D        | Noticed a flying skull
    29 | D        | Noticed a water moccasin
    31 | D        | Killed Menkaure
    32 | D        | Reached skill level 9 in Long Blades
    34 | D        | Noticed a flying skull
    48 | D        | Killed a water moccasin
    49 | D        | Reached skill level 1 in Armour
    49 | D        | Reached XP level 7. HP: 22/53 MP: 0/0
    49 | D        | Learned a level 2 spell: Lesser Beckoning
    52 | D        | Found a glowing silver altar of Zin.
    53 | D        | Found a basalt altar of Yredelemnul.
    53 | D        | Found a glowing golden altar of the Shining One.
    53 | D        | Found a hide-covered altar of Uskayaw.
    53 | D        | Found a sparkling altar of Nemelex Xobeh.
    53 | D        | Found an iron altar of Okawaru.
    54 | D        | Found a shimmering altar of Xom.
    54 | D        | Found a bloodstained altar of Trog.
    54 | D        | Found a burning altar of Makhleb.
    54 | D        | Found an opulent altar of Gozag.
    55 | D        | Found an ornate altar of the Wu Jian Council.
    55 | D        | Found a corrupted altar of Lugonu.
    55 | D        | Found a blossoming altar of Fedhas.
    56 | D        | Found a sacrificial altar of Ru.
    56 | D        | Found a white marble altar of Elyvilon.
    57 | D        | Found a stormy altar of Qazlal.
    57 | D        | Found a viscous altar of Jiyva.
    57 | D        | Found a shadowy altar of Dithmenos.
    58 | D        | Found a hazy altar of Hepliaklqana.
    58 | D        | Found a snail-covered altar of Cheibriados.
    70 | D        | Became a worshipper of Gozag Ym Sagoz the Greedy
   177 | D        | Found Cetseod's Jewellery Emporium.
   179 | D        | Found Muyshokufi's Jewellery Shoppe.
   181 | D        | Found Tuhyxed's Distillery.
   183 | D        | Found Ralaj's Distillery.
   217 | D        | Reached skill level 10 in Long Blades
   233 | D        | Noticed a neqoxec
   233 | D        | Noticed a neqoxec
   233 | D        | Noticed a neqoxec
   233 | D        | Noticed a neqoxec
   245 | D        | Killed a neqoxec
   246 | D        | Reached skill level 5 in Fighting
   247 | D        | Gained mutation: Your spells are a little easier to cast,
                  | but a little less powerful. [a neqoxec]
   257 | D        | Killed a neqoxec
   258 | D        | Reached skill level 11 in Long Blades
   275 | D        | Killed a neqoxec
   276 | D        | Reached XP level 8. HP: 17/61 MP: 0/0
   285 | D        | Reached skill level 12 in Long Blades
   439 | D        | Noticed an ice statue
   452 | D        | Reached skill level 10 in Dodging
   452 | D        | Reached skill level 1 in Stealth
   454 | D        | Found Wecvong's Antique Armour Shoppe.
   455 | D        | Found Widgh's Antique Armour Emporium.
   456 | D        | Found Nasuol's Magic Scroll Shoppe.
   458 | D        | Found Goew's Antique Armour Shoppe.
   458 | D        | Found Feakos's Weapon Emporium.
   459 | D        | Found Aho Ylit's Distillery.
   459 | D        | Noticed a wyvern
   459 | D        | Noticed a wyvern
   462 | D        | Found Anob's Book Shoppe.
   462 | D        | Found Afup's Antique Weapon Emporium.
   462 | D        | Noticed an oklob plant
   462 | D        | Noticed a slime creature
   463 | D        | Found Pinkoo's Distillery.
   463 | D        | Found Reocwen's Antique Armour Emporium.
   463 | D        | Found Zokkamuo's Book Shoppe.
   464 | D        | Noticed a slime creature
   465 | D        | Noticed a slime creature
   467 | D        | Noticed a polar bear
   467 | D        | Noticed a polar bear
   476 | D        | Bought 2 potions of heal wounds for 100 gold pieces
   482 | D        | Bought a runed scimitar for 182 gold pieces
   485 | D        | Bought a potion of curing for 33 gold pieces
   485 | D        | Bought a potion of curing for 33 gold pieces
   485 | D        | Bought a potion of curing for 33 gold pieces
   485 | D        | Bought a potion of heal wounds for 55 gold pieces
   485 | D        | Bought a potion of heal wounds for 55 gold pieces
   487 | D        | Bought a runed cloak for 165 gold pieces
   500 | D        | Bought an amulet of regeneration for 390 gold pieces
   509 | D        | Bought a potion of might for 56 gold pieces
   511 | D        | Bought a potion of berserk rage for 55 gold pieces
   663 | D        | Killed a flying skull
   666 | D        | Killed a flying skull
   667 | D        | Reached skill level 13 in Long Blades
   667 | D        | Killed a flying skull
   668 | D        | Reached XP level 9. HP: 68/68 MP: 0/0
   668 | D        | Learned a level 4 spell: Petrify
   674 | D        | Reached skill level 5 in Armour
   688 | D        | Reached skill level 14 in Long Blades
   711 | D        | Reached skill level 15 in Long Blades
   711 | D        | Reached XP level 10. HP: 47/78 MP: 0/0
   735 | D        | Found Sapsuown's Antique Armour Boutique.
   810 | D        | Noticed a toenail golem
   813 | D        | Noticed the 27-headed Lernaean hydra
   814 | D        | Noticed a toenail golem
   832 | D        | Reached skill level 10 in Fighting
  1028 | D        | Mangled by a very large slime creature

Illustrated notes

Levels and vault maps discovered:
D:        the_violet_keep_of_menkaure [sprint2_stairs_cluster_1,
          sprint2_shoproom, sprint2_temple, sprint2_basic_supplies,
          sprint2_obstacle_1, sprint2_obstacle_7, sprint2_obstacle_2,
          sprint2_obstacle_5, sprint2_obstacle_6, sprint2_timed_cluster_1,
          sprint2_smallroom_cluster_1, sprint2_smallroom_final_cluster_1,
          sprint2_transparent_cluster_1, sprint2_second_timed_cluster_1,
          sprint2_sniper_area_1, sprint2_heavy_combat_area_1,
          sprint2_mutation_trap_area_1, sprint2_forest_area_1,
          sprint2_light_combat_area_1, sprint2_behind_water_1,
          sprint2_near_end_vault_1]

Skill      XL: |  1  2  3  4  5  6  7  8  9 10 |
---------------+-------------------------------+-----
Fighting       | 3 4 5 7 9 10 | 10.3
Long Blades    | 4 6 8 9 11 13 15 | 15.7
Throwing       | 2 |  2.5
Dodging        | 5 6 8 9 10 | 10.4
Armour         | 1 3 4 6 7 |  7.5
Stealth        | 1 |  1.1

Action                     |  1- 3 |  4- 6 |  7- 9 | 10-12 || total
---------------------------+-------+-------+-------+-------++-------
  Melee: Long sword        |     2 |    28 |    75 |       ||   105
         Punch             |       |     1 |     2 |     1 ||     4
         Scimitar          |       |       |    49 |    51 ||   100
    Use: Potion            |     1 |       |     2 |     3 ||     6
   Stab: Distracted        |       |       |     2 |       ||     2
 Armour: Leather armour    |       |    15 |       |       ||    15
         Chain mail        |       |       |    61 |    70 ||   131
  Dodge: Dodged            |     2 |    22 |    39 |    34 ||    97

Table legend: (Time is in decaauts)
 A = Elapsed time spent in this place.
 B = Non-inter-level travel time spent in this place.
 C = Inter-level travel time spent in this place.
 D = Time resting spent in this place.
 E = Time spent auto-exploring this place.
 F = Levels seen in this place.
 G = Mean time per level.
                   A        B        C        D        E       F      G
               +--------+--------+--------+--------+--------+-----+--------+
         Total |    986 |    986 |      0 |    487 |      0 |   1 |  986.0 |
       Dungeon |    986 |    986 |      0 |    487 |      0 |   1 |  986.0 |
               +--------+--------+--------+--------+--------+-----+--------+

Top non-repeatable levels by time:
       D: 986 daAuts
